[Event "German Bundesliga 2023-24"]
[Site "Germany"]
[Date "2024.02.24"]
[Round "10.57"]
[White "Cheparinov, Ivan"]
[Black "Pfreundt, Jakob"]
[Result "1/2-1/2"]
[ECO "C02"]
[WhiteElo "2649"]
[BlackElo "2455"]
[Annotator "TA"]
[PlyCount "54"]
[EventDate "2023.10.20"]
[EventType "team-tourn"]
[EventCountry "GER"]
[SourceTitle "playchess.com"]
[Source "ChessBase"]
[SourceQuality "1"]
[TimeControl "40/6000+30:3000+30"]

1. e4 e6 2. d4 d5 3. e5 c5 4. c3 Nc6 5. Nf3 Bd7 6. Be2 Nge7 7. O-O Nf5 8. dxc5 a5 9. Nd4 Nfxd4 10. cxd4 b6 11. Be3 bxc5 12. dxc5 Qb8 13. Nc3 {[%emt 0:05:53] And now Na4 would win.} Qxe5 {[%emt 0:01:07] [#] ...d4 is the strong threat.} 14. Nb5 Be7 $1 15. Qd2 {[%emt 0:01:39] Strongly threatening Bf4.} O-O 16. f4 Qb8 17. a4 Rd8 18. Rfc1 Bf6 19. Ra3 e5 20. fxe5 Bxe5 21. Rf1 (21. g3 $5) 21... Be6 (21... Bxh2+ $142 22. Kh1 Be6) 22. Bf4 $11 Bxf4 23. Qxf4 {[%emt 0:06:29] The position is equal.} Qxf4 24. Rxf4 Rac8 25. Nd6 Rc7 26. Nb5 Rcc8 27. Nd6 Rc7 $1 {[%emt 0:00:04] Weighted Error Value: White=0.07 (flawless) /Black=0.09 (flawless) .  Mistake:       	---       	Black=1      Inaccurate:     	White=2     	Black=1      OK:         	White=5     	Black=7      Best:        	White=1     	Black=3      Strong:       	---       	Black=2} 1/2-1/2

[Event "German Bundesliga 2023-24"]
[Site "Germany"]
[Date "2024.02.24"]
[Round "10.58"]
[White "Petkidis, Anthony"]
[Black "Bjerre, Jonas Buhl"]
[Result "1/2-1/2"]
[ECO "C56"]
[WhiteElo "2429"]
[BlackElo "2637"]
[Annotator "ChessBase"]
[PlyCount "41"]
[EventDate "2023.10.20"]
[EventType "team-tourn"]
[EventCountry "GER"]
[SourceTitle "playchess.com"]
[Source "ChessBase"]
[SourceQuality "1"]
[TimeControl "40/6000+30:3000+30"]

1. e4 e5 2. Nf3 Nc6 3. Bc4 d6 4. d4 Nf6 5. dxe5 dxe5 6. Qxd8+ Nxd8 7. Nxe5 Bd6 8. Nf3 Nxe4 9. O-O Be6 10. Bxe6 Nxe6 11. Re1 Nf6 12. Ng5 O-O 13. Nxe6 fxe6 14. Nc3 Rad8 15. Bg5 Bb4 16. Rxe6 Bxc3 17. bxc3 Rd5 18. Bxf6 Rxf6 19. Rxf6 gxf6 20. Kf1 Rc5 21. Rb1 1/2-1/2

[Event "German Bundesliga 2023-24"]
[Site "Germany"]
[Date "2024.02.24"]
[Round "10.59"]
[White "Yuffa, Daniil"]
[Black "Walter, Stefan"]
[Result "1-0"]
[ECO "C84"]
[WhiteElo "2601"]
[BlackElo "2382"]
[Annotator "TA"]
[PlyCount "83"]
[EventDate "2023.10.20"]
[EventType "team-tourn"]
[EventCountry "GER"]
[SourceTitle "playchess.com"]
[Source "ChessBase"]
[SourceQuality "1"]
[TimeControl "40/6000+30:3000+30"]

1. e4 e5 2. Nf3 Nc6 3. Bb5 a6 4. Ba4 Nf6 5. O-O Be7 6. d3 b5 7. Bb3 d6 8. Bd2 O-O 9. h3 Be6 10. Nc3 {[%emt 0:02:50] White has an edge.} Bxb3 11. axb3 Re8 12. Re1 Qd7 13. Bg5 h6 14. Bh4 Nb4 15. d4 Rad8 ({Better is} 15... exd4 $11 16. Nxd4 g6) 16. Na2 Nxa2 17. Rxa2 Qc6 18. Qd3 ({Much worse is} 18. dxe5 dxe5 19. Qe2 Nd7 $11) 18... Nd7 19. d5 Qb7 20. b4 c6 21. Bxe7 Rxe7 22. Nh4 {[%emt 0:03:50] White is more active.} g6 {[%emt 0:03:01] Wards off Nf5} 23. Rea1 {[%emt 0:03:56] [#] Hoping for dxc6.} Nb8 24. dxc6 Qxc6 25. Nf3 d5 26. Ra3 Ree8 27. exd5 Rxd5 28. Qe3 Kg7 29. Rc3 Qd6 30. Rc5 Re6 31. Rxd5 Qxd5 32. Nd2 Nd7 33. Ne4 Rc6 34. c3 f5 35. Nd2 Rd6 36. Nf3 e4 37. Nd4 Ne5 38. Qg3 Kh7 39. f3 Nc6 $2 {[%emt 0:01:06][%mdl 8192] [#]} (39... Rf6 $11) 40. Rxa6 $18 {[%emt 0:02:22] White is winning.} Ne5 41. fxe4 fxe4 42. Ra5 {[%emt 0:03:32] Weighted Error Value: White=0.09 (flawless) /Black=0.28 (precise) .  Loses game:     	---       	Black=1      Mistake:       	---       	Black=1      Inaccurate:     	White=4     	Black=2      OK:         	White=13    	Black=12     Best:        	White=2     	Black=2} 1-0

[Event "German Bundesliga 2023-24"]
[Site "Germany"]
[Date "2024.02.24"]
[Round "10.60"]
[White "Lammers, Markus"]
[Black "Teclaf, Pawel"]
[Result "1/2-1/2"]
[ECO "E14"]
[WhiteElo "2336"]
[BlackElo "2571"]
[Annotator "TA"]
[PlyCount "61"]
[EventDate "2023.10.20"]
[EventType "team-tourn"]
[EventCountry "GER"]
[SourceTitle "playchess.com"]
[Source "ChessBase"]
[SourceQuality "1"]
[TimeControl "40/6000+30:3000+30"]

1. d4 e6 2. Nf3 Nf6 3. e3 b6 4. Bd3 Bb7 5. O-O d5 6. c4 Nbd7 7. Nc3 dxc4 8. Bxc4 Bd6 9. Qe2 Ne4 10. Ba6 Qc8 11. Bd3 Ndf6 12. Nb5 Be7 13. Ne5 O-O 14. f3 Nd6 15. e4 Nxb5 16. Bxb5 c5 17. Be3 {[%emt 0:07:50] The position is equal.} cxd4 18. Bxd4 Bc5 19. Qe3 Bxd4 20. Qxd4 Rd8 21. Qe3 {[%emt 0:07:06] [#] Black must now prevent Rac1.} Qc7 22. Nd3 Rac8 23. Rac1 Qe7 24. Rfd1 h6 25. a3 Nd7 26. h3 Nb8 27. Nb4 Rxd1+ 28. Rxd1 Nc6 29. Na2 Rd8 30. Rxd8+ Qxd8 31. Nc3 {[%emt 0:00:11] Weighted Error Value: White=0.05 (flawless) /Black=0.06 (flawless) .  Inaccurate:     	White=1     	Black=2      OK:         	White=9     	Black=12     Best:        	---       	Black=1} 1/2-1/2

[Event "German Bundesliga 2023-24"]
[Site "Germany"]
[Date "2024.02.24"]
[Round "10.61"]
[White "Gumularz, Szymon"]
[Black "Schulze, Torben"]
[Result "1-0"]
[ECO "A79"]
[WhiteElo "2580"]
[BlackElo "2325"]
[Annotator "TA"]
[PlyCount "81"]
[EventDate "2023.10.20"]
[EventType "team-tourn"]
[EventCountry "GER"]
[SourceTitle "playchess.com"]
[Source "ChessBase"]
[SourceQuality "1"]
[TimeControl "40/6000+30:3000+30"]

1. d4 Nf6 2. c4 c5 3. d5 e6 4. Nf3 d6 5. Nc3 exd5 6. cxd5 g6 7. Nd2 Bg7 8. e4 O-O 9. Be2 Na6 10. O-O Nc7 11. a4 Re8 12. f3 b6 13. Kh1 Rb8 14. Nb5 (14. Nc4 $14) 14... a6 $11 15. Na7 {[%emt 0:02:34] [#]} (15. Nxc7 $11 {keeps the balance.} Qxc7 16. Nb3) 15... Bb7 $1 $17 {[%emt 0:17:04] Black is better.} 16. Nc4 b5 (16... Nfxd5 $19 {[%cal Ob8a8] ...Ra8! would now be deadly.} 17. exd5 Nxd5) 17. Na5 $14 Qd7 18. N7c6 {[%emt 0:02:16] White is more active.} Bxc6 19. dxc6 Qe6 20. axb5 axb5 21. Bf4 $36 {[%emt 0:00:37][%mdl 2048] White has the initiative.} Bf8 22. Nb7 Nh5 (22... Nfd5 $2 23. exd5 Nxd5 24. Bg3 $18 (24. Bxb5 Nxf4 25. Ra4 Qf6 $11)) 23. Bxd6 Bxd6 {[%emt 0:00:14] Black cannot hold the game after this.} (23... Rxb7 $1 $11 24. Bxf8 Qxc6) 24. Qxd6 $18 (24. Nxd6 $2 Red8 25. f4 (25. e5 $2 Qxe5 26. Nxf7 Kxf7 $19) 25... Rxd6 $19 (25... Qxd6 $2 26. Bxh5 Qxc6 27. Qg4 $19)) 24... Qxd6 25. Nxd6 Re6 26. Rfd1 Rb6 (26... Nf4 $16 27. Bf1 (27. Ra7 Nxe2 28. Rxc7 Nd4 $18) 27... c4) 27. Ra7 Rxc6 28. Nxb5 (28. Bxb5 $2 Rexd6 29. Be2 (29. Rxd6 $2 Rxd6 30. Bf1 Rd1 $19) 29... Nf4 (29... Rxd1+ $2 30. Bxd1 Rd6 31. Be2 $19) 30. Rxd6 Rxd6 $19) 28... Nxb5 29. Bxb5 Red6 30. Rxd6 Rxd6 {[%emt 0:00:03][%mdl 4096] Endgame. KRB-KRN} 31. g3 Nf6 32. Bc4 Nd7 (32... Rd7 $142 33. Rxd7 Nxd7) 33. f4 g5 (33... Rd2 {was necessary.} 34. b3 Kf8) 34. e5 ({Weaker is} 34. fxg5 Rd1+ 35. Kg2 Rd2+ 36. Kf1 Ne5 $18) 34... Rd1+ 35. Kg2 {[%emt 0:00:03] [#] aiming for e6.} Rd2+ (35... Kf8 {keeps fighting.} 36. b3 (36. fxg5 Nxe5 37. Be2 Rd2 $11) 36... Rd4) 36. Kf3 {[%emt 0:01:13] Threatens to win with e6. White is clearly winning.} gxf4 37. gxf4 Kf8 38. b3 h6 39. h4 Rd4 40. Rb7 h5 41. Ke3 {[%emt 0:50:17] Weighted Error Value: White=0.20 (precise) /Black=0.47.  Missed win:     	---       	Black=1      Mistake:       	White=2     	Black=5      Inaccurate:     	White=1     	---        OK:         	White=8     	Black=9      Best:        	White=4     	Black=1      Strong:       	---       	Black=1} 1-0

[Event "German Bundesliga 2023-24"]
[Site "Germany"]
[Date "2024.02.24"]
[Round "10.63"]
[White "Thybo, Jesper Sondergaard"]
[Black "Hampel, Felix"]
[Result "1-0"]
[ECO "E97"]
[WhiteElo "2522"]
[BlackElo "2298"]
[Annotator "TA"]
[PlyCount "71"]
[EventDate "2023.10.20"]
[EventType "team-tourn"]
[EventCountry "GER"]
[SourceTitle "playchess.com"]
[Source "ChessBase"]
[SourceQuality "1"]
[TimeControl "40/6000+30:3000+30"]

1. d4 Nf6 2. c4 g6 3. Nc3 Bg7 4. e4 d6 5. Be2 O-O 6. Nf3 e5 7. O-O Nc6 8. dxe5 dxe5 9. Bg5 Qxd1 10. Rfxd1 h6 11. Be3 b6 12. h3 Bb7 {[%emt 0:03:21] White has an edge.} 13. a3 {[%emt 0:10:33] Dodges Nb4} Rad8 14. Bd3 Rfe8 15. Nd5 Nxd5 16. cxd5 Nd4 ({Black should try} 16... Nb8 $11) 17. Rac1 c5 18. b4 Rc8 {[%emt 0:02:29] Black is now going downhill.} ({Black should play} 18... f5 $1 $14) 19. bxc5 $16 Rxc5 20. Rxc5 bxc5 21. Rb1 Re7 22. Nd2 Kh7 23. Nb3 Bc8 24. Na5 {[%emt 0:02:16] Repels Rb7} ({Much less strong is} 24. Nxc5 Rc7) 24... Bf6 25. Rb8 Bd7 26. Bc4 Ba4 27. Rc8 Rd7 28. Ba6 $36 {[%emt 0:03:44][%mdl 2048] Black is under strong pressure.} Kg7 (28... Bc2 $16 {is a better defense.}) 29. Nb7 $18 Bb5 30. Nxc5 Bxa6 31. Nxa6 Rb7 $2 (31... Rd8 {keeps fighting.} 32. Rxd8 Bxd8 33. Bxd4 exd4) 32. Nc7 {[%emt 0:04:36] [#] aiming for Ne8+. White is clearly winning.} Kh7 33. d6 {[%emt 0:02:12] Against Be7} Rb1+ 34. Kh2 {[%emt 0:00:10] And now Nd5 would win.} Rd1 35. Nd5 Bg5 36. Bxg5 {[%emt 0:01:03] Weighted Error Value: White=0.11 (very precise) /Black=0.34.  Mistake:       	---       	Black=4      Inaccurate:     	White=2     	Black=2      OK:         	White=8     	Black=8      Best:        	White=3     	---} 1-0

[Event "German Bundesliga 2023-24"]
[Site "Germany"]
[Date "2024.02.24"]
[Round "10.64"]
[White "Voege, Tobias"]
[Black "Pajeken, Jakob Leon"]
[Result "1/2-1/2"]
[ECO "E12"]
[WhiteElo "2283"]
[BlackElo "2426"]
[Annotator "TA"]
[PlyCount "53"]
[EventDate "2023.10.20"]
[EventType "team-tourn"]
[EventCountry "GER"]
[SourceTitle "playchess.com"]
[Source "ChessBase"]
[SourceQuality "1"]
[TimeControl "40/6000+30:3000+30"]

1. d4 Nf6 2. c4 e6 3. Nf3 b6 4. a3 Bb7 5. Bf4 d5 6. cxd5 exd5 7. Nc3 Bd6 8. Bg5 O-O 9. e3 h6 10. Bh4 {[%emt 0:00:22] The position is equal.} Nbd7 11. Bd3 a6 12. O-O Re8 13. Rc1 Qe7 14. Bb1 Qe6 15. Ba2 Qf5 16. Ne2 Ne4 17. Nd2 Ndf6 (17... Rac8 {simplifies} 18. Nxe4 Qxe4 19. Bg3 Qe7) 18. Nxe4 Nxe4 19. Ng3 (19. f3 $14 Ng5 20. Ng3) 19... Nxg3 20. Bxg3 Bxg3 21. hxg3 Rac8 22. b4 {[%emt 0:02:25] White is slightly better.} c6 23. Bb1 Qg5 24. Rc3 g6 25. Qf3 Re6 26. Qf4 Kg7 27. Qxg5 {[%emt 0:04:12] Weighted Error Value: White=0.08 (flawless) /Black=0.08 (flawless) .  Mistake:       	White=1     	---        Inaccurate:     	White=1     	Black=1      OK:         	White=11    	Black=6} 1/2-1/2